 Dungeon Crawl Stone Soup version 0.22-a0-512-g0943f25 (webtiles) character file.

191 CougarLife the Ruffian (level 5, -2/53 HPs)
             Began as a Troll Monk on June 18, 2018.
             Slain by Pikel
             ... wielding a +2 whip of freezing
              (9 damage)
             ... on level 4 of the Dungeon.
             The game lasted 00:02:34 (2159 turns).

CougarLife the Ruffian (Troll Monk)                 Turns: 2159, Time: 00:02:34

Health: -2/53      AC:  7    Str: 19    XL:     5   Next: 41%
Magic:  4/4        EV: 11    Int:  7    God:
Gold:   132        SH:  0    Dex: 12    Spells: 4/4 levels left

rFire    + . .     SeeInvis .     - Unarmed
rCold    . . .     Gourm    +   (no shield)
rNeg     . . .     Faith    .   v - +2 robe {rF+}
rPois    .         Spirit   .   (helmet restricted)
rElec    .         Reflect  .   (no cloak)
rCorr    .         Harm     .   (gloves unavailable)
MR       .....                  (boots unavailable)
Stlth    ++........             (no amulet)
HPRegen  0.57/turn              (no ring)
MPRegen  0.09/turn              (no ring)

@: no status effects
A: large, unfitting armour, claws 3, fast metabolism 3, gourmand, regeneration
1, shaggy fur 1, tough skin 2
a: no special abilities


You were on level 4 of the Dungeon.
You were full.

You visited 1 branch of the dungeon, and saw 4 of its levels.

You collected 132 gold pieces.

Inventory:

Armour
 v - a +2 robe of fire resistance (worn)
Wands
 m - a wand of disintegration (7)
Scrolls
 c - 3 scrolls of enchant weapon {unknown}
 d - a scroll of identify
 g - 2 scrolls of remove curse {unknown}
 j - a scroll of blinking {unknown}
 l - 2 scrolls of teleportation {unknown}
 o - a scroll of amnesia {unknown}
 r - a scroll of fog {unknown}
Potions
 f - a potion of mutation {unknown}
 i - a potion of invisibility {unknown}
 k - a potion of degeneration {unknown}
 n - 2 potions of berserk rage {unknown}
 s - a potion of haste {unknown}
 t - a potion of might {unknown}
 u - a potion of cancellation {unknown}
Comestibles
 b - 3 rations


   Skills:
 - Level 3.0 Fighting
 - Level 3.0 Dodging
 - Level 1.0 Stealth
 + Level 5.4 Unarmed Combat


You had 4 spell levels left.
You didn't know any spells.
Your spell library was empty.

Dungeon Overview and Level Annotations

Branches:
Dungeon (4/15)
 Temple: D:4-7

Altars:
Wu Jian
Yredelemnul

Annotations:
D:4 Pikel


Innate Abilities, Weirdness & Mutations

You are too large for most types of armour.
You have claws for hands.
Your metabolism is lightning-fast.
You like to eat raw meat.
Your natural rate of healing is unusually fast.
You are covered in fur. (AC +1)
You have very tough skin. (AC +2)


Message History

You kill the slave!
That felt strangely unrewarding.
The slave hits you.
Pikel says, "You'll fetch a fair price!"
The slave hits you!
You miss Pikel. The slave hits you! Pikel hits you but does no damage.
The slave closely misses you.
You miss Pikel. The slave hits you but does no damage.
Pikel hits you but does no damage. The slave hits you but does no damage.
You barely miss Pikel. The slave hits you. Pikel hits you but does no damage.
The slave hits you.
* * * LOW HITPOINT WARNING * * *
You closely miss Pikel. The slave closely misses you.
Pikel hits you with a whip of freezing!
* * * LOW HITPOINT WARNING * * *
Pikel freezes you.
* * * LOW HITPOINT WARNING * * *
The slave closely misses you.
You closely miss Pikel. The slave hits you but does no damage.
Pikel hits you with a whip of freezing!
You die...

.> #.# .###.##
.....# ....
...######## #
#.#........
....###pp........
.....pK@........#
#########.#...#.
#.!....<# .#
#.###..(# #...#
#...# #...# .....
######


You could see Pikel and 3 slaves.

Vanquished Creatures
  A slave (D:4)
  Jessica (D:3)
  An iguana (D:2)
  7 adders
  An ooze (D:3)
  An adder skeleton (D:2)
  2 worms (D:2)
  A leopard gecko (D:2)
  An orc (D:3)
  11 bats
  5 giant cockroaches
  6 goblins (D:1)
  11 hobgoblins
  7 kobolds
  2 frilled lizards
  7 rats
65 creatures vanquished.

Notes
Turn   | Place    | Note
-------+----------+-------------------------------------------
     0 | D:1      | CougarLife the Troll Monk began the quest for the Orb.
     0 | D:1      | Reached XP level 1. HP: 22/22 MP: 0/0
   153 | D:1      | Reached XP level 2. HP: 29/29 MP: 1/1
   483 | D:1      | Reached XP level 3. HP: 27/37 MP: 2/2
   636 | D:2      | Reached XP level 4. HP: 35/45 MP: 3/3
   685 | D:2      | Found an ornate altar of the Wu Jian Council.
   689 | D:2      | Reached skill level 4 in Unarmed Combat
  1149 | D:2      | Found a basalt altar of Yredelemnul.
  1504 | D:3      | Reached XP level 5. HP: 53/53 MP: 4/4
  1672 | D:3      | Noticed Jessica
  1681 | D:3      | Killed Jessica
  1681 | D:3      | Reached skill level 5 in Unarmed Combat
  2141 | D:4      | Noticed Pikel
  2141 | D:4      | Noticed a slave
  2141 | D:4      | Noticed a slave
  2141 | D:4      | Noticed a slave
  2149 | D:4      | Noticed a slave
  2154 | D:4      | Killed a slave
  2159 | D:4      | Slain by Pikel

Vault maps used:
D:1:      minmay_arrival_nine_rooms
D:2:      nicolae_overflow_hidden_temple, lemuel_round_altar, minmay_quantized
D:3:      first_ration, uniq_jessica
D:4:      grunt_gozag_statues, serial_glass, glass_columns_a, glass_columns_b,
          minmay_cupped, uniq_pikel

Skill      XL: |  1  2  3  4  5 |
---------------+----------------+-----
Dodging        | 3 |  3.0
Fighting       | 3 |  3.0
Unarmed Combat | 4 5 |  5.4
Stealth        | |  1.0

Action                   |  1- 3 |  4- 6 || total
-------------------------+-------+-------++-------
Melee: Unarmed           |    86 |   120 ||   206
       Punch             |     1 |     1 ||     2
  Use: Scroll            |       |     4 ||     4
       Potion            |       |     1 ||     1
 Stab: Sleeping          |     2 |     1 ||     3
  Eat: Chunk             |    11 |    10 ||    21
Armor: Robe              |    29 |    51 ||    80
Dodge: Dodged            |    63 |    69 ||   132

Table legend:
 A = Spawn XP
 B = Non-spawn XP
 C = Spawn XP percentage of total XP
 D = Spawn monster count
 E = Non-spawn monster count
 F = Spawn count percentage of total count
 G = Total turns spent on level
                    A         B        C        D         E        F      G
               +---------+---------+-------+---------+---------+-------+---------
         Total |       0 |     273 |   0.0 |       0 |      64 |   0.0 |  2159
               +---------+---------+-------+---------+---------+-------+---------
           D:1 |       0 |      44 |   0.0 |       0 |      26 |   0.0 |   534
           D:2 |       0 |     141 |   0.0 |       0 |      24 |   0.0 |   958
           D:3 |       0 |      74 |   0.0 |       0 |      13 |   0.0 |   648
           D:4 |       0 |      14 |   0.0 |       0 |       1 |   0.0 |    19
               +---------+---------+-------+---------+---------+-------+---------
